 Dungeon Crawl Stone Soup version 0.21.0-24-g2553a3340b (webtiles) character file.

381514 GordonOverkill the Wrestler (level 21, -1/183 HPs)
             Began as a Vampire Artificer on Jan 21, 2018.
             Was a High Priest of Okawaru.
             Slain by a vault warden
             ... wielding a +2 dire flail of pain
              (5 damage)
             ... on level 5 of the Vaults.
             The game lasted 02:15:28 (46098 turns).

GordonOverkill the Wrestler (Vampire Artificer)    Turns: 46098, Time: 02:15:29

Health: -1/183     AC: 41    Str: 27    XL:     21   Next: 91%
Magic:  23/28      EV: 11    Int: 15    God:    Okawaru [*****.]
Gold:   2243       SH: 22    Dex: 13    Spells: 20/20 levels left

rFire    . . .     SeeInvis +     - Unarmed
rCold    + + +     Gourm    .   V - +2 large shield {reflect}
rNeg     . . .     Faith    .   p - +10 plate armour of Plasticity {Str+2}
rPois    +         Spirit   .   W - +2 helmet "Cetovij" {rC+ Stlth+}
rElec    .         Reflect  +   u - +2 cloak {+Inv}
rCorr    .         Harm     .   U - +2 pair of gloves
MR       +++..                  E - +0 pair of boots of the Fisher {+Blink rC++ Slay+5}
Stlth    ..........             T - amulet of regeneration
HPRegen  1.00/turn              h - ring of protection from magic
MPRegen  0.21/turn              I - ring "Zalod" {+Fly rPois Str+7 Dex-3 Stlth-}

@: heroism, finesse, regenerating quickly, hasted, constricted, heavily drained,
very quick
A: fangs 3, see invisible, unbreathing, MP-powered wands
}: 2/15 runes: decaying, serpentine
a: Heroism, Finesse, Renounce Religion, Evoke Blink, Evoke Invisibility, Evoke
Flight


You were on level 5 of the Vaults.
You worshipped Okawaru.
Okawaru was extremely pleased with you.
You were very full.

You visited 7 branches of the dungeon, and saw 37 of its levels.
You visited the Abyss 1 time.
You also visited: Labyrinth, Ossuary, Ice Cave and Volcano.

You collected 4082 gold pieces.
You spent 1839 gold pieces at shops.

Inventory:

Armour
 f - a +1 crystal plate armour
 p - the +10 plate armour of Plasticity (worn) {Str+2}
   (You found it on level 1 of the Snake Pit)

   It affects your strength (+2).
 u - a +2 cloak of invisibility (worn)
 E - the +0 pair of boots of the Fisher (worn) {+Blink rC++ Slay+5}
   (You found it on level 2 of the Lair of Beasts)

   It affects your accuracy and damage with ranged weapons and melee attacks
   (+5).
   It greatly protects you from cold.
   It lets you blink.
 U - a +2 pair of gloves (worn)
 V - a +2 large shield of reflection (worn)
 W - the +2 helmet "Cetovij" (worn) {rC+ Stlth+}
   (Okawaru gifted it to you on level 2 of the Vaults)

   It protects you from cold.
   It makes you more stealthy.
Jewellery
 h - a ring of protection from magic (left hand)
 l - an uncursed ring of protection from cold
 r - an uncursed amulet of rage
 B - an uncursed ring of protection from fire
 C - a cursed -2 ring of evasion
 I - the ring "Zalod" (right hand) {+Fly rPois Str+7 Dex-3 Stlth-}
   (You found it in an ice cave)

   [ring of loudness]

   It affects your strength (+7).
   It affects your dexterity (-3).
   It protects you from poison.
   It lets you fly.
   It makes you less stealthy.
 R - a +4 ring of evasion
 T - an amulet of regeneration (around neck)
 X - a cursed ring of loudness {unknown}
Wands
 d - a wand of enslavement (28)
 e - a wand of paralysis (61)
 g - a wand of polymorph (20)
 y - a wand of flame (89)
 z - a wand of clouds (5)
 J - a wand of scattershot (5)
 L - a wand of iceblast (29)
 M - a wand of acid (20)
 P - a wand of random effects (20)
 Q - a wand of disintegration (20)
Scrolls
 b - 5 scrolls of teleportation
 k - 11 scrolls of amnesia
 m - 4 scrolls of identify
 v - 13 scrolls of remove curse
 F - 7 scrolls of fog
 G - 2 scrolls of blinking
 H - 7 scrolls of immolation
 N - 4 scrolls of fear
 S - a scroll of magic mapping
Potions
 a - 4 potions of berserk rage
 c - 2 potions of brilliance
 i - 21 potions of curing
 j - 6 potions of lignification
 n - a potion of heal wounds
 o - 2 potions of invisibility
 q - 83 potions of blood
 s - 8 potions of agility
 t - 5 potions of might
 w - 6 potions of flight
 x - 5 potions of haste
 A - a potion of ambrosia
 D - 3 potions of cancellation
 K - 2 potions of magic
 O - 7 potions of mutation


   Skills:
 + Level 20.0(23.1) Fighting
   Level 1.1(4.8) Short Blades
 - Level 15.0(18.3) Armour
 - Level 12.0(15.4) Dodging
 - Level 1.5(5.2) Stealth
 - Level 10.0(13.5) Shields
 - Level 22.0(25.0) Unarmed Combat
 - Level 10.0(8.6) Invocations
 - Level 3.0(1.9) Evocations


You had 20 spell levels left.
You didn't know any spells.

Dungeon Overview and Level Annotations

Branches:
Dungeon (15/15)            Temple (1/1) D:6            Lair (6/6) D:11
  Swamp (4/4) Lair:2        Snake (4/4) Lair:3        Slime (0/5) Lair:5
    Orc (2/2) D:9             Elf (0/3) Orc:2        Vaults (5/5) D:13
  Crypt (0/3) Vaults:3     Depths (0/5) D:15

Altars:
Ashenzari
Cheibriados
Dithmenos
Elyvilon
Fedhas
Gozag
Hepliaklqana
Kikubaaqudgha
Makhleb
Nemelex Xobeh
Okawaru
Qazlal
Ru
Sif Muna
Trog
Uskayaw
Vehumet
Wu Jian
Xom
Yredelemnul
Zin
The Shining One
Beogh

Shops:
Orc:2 [((   Vaults:2 !

Annotations:
D:3 qwerty1's ghost, amateur TrFi
D:7 rabbit's ghost, novice GrFi


Innate Abilities, Weirdness & Mutations

Your natural rate of healing is unusually fast.
You have razor-sharp teeth.
You have supernaturally acute eyesight. (SInv)
You can survive without breathing.
You expend magic power (3 MP) to strengthen your wands.


Message History

You pummel the tentacled monstrosity!!
The tentacled monstrosity is almost dead.
You hit the tentacled monstrosity but do no damage.
The tentacled monstrosity is almost dead.
The shadow dragon breathes negative energy at you.
The bolt of negative energy hits the tentacled monstrosity.
The tentacled monstrosity completely resists.
The bolt of negative energy hits you!
You feel drained.
* * * LOW HITPOINT WARNING * * *
You hit the tentacled monstrosity.
The tentacled monstrosity is almost dead.
The tentacled monstrosity tentacle-slaps you but does no damage.
The tentacled monstrosity tentacle-slaps you.
* * * LOW HITPOINT WARNING * * *
The tentacled monstrosity closely misses you.
The tentacled monstrosity constricts you.
The vault warden hits you with a dire flail of pain!!
* * * LOW HITPOINT WARNING * * *
You writhe in agony.
You die...

########################
#...pDp.................
#..*QpX@..(...).........
#..XX###################
#....X...... ...
#..#........ ...
#..#*..#u... ...
#..#...# ... .## #.
#%.## .. #. #### . . ..


You could see a shadow dragon, 2 tentacled monstrosities, a vault warden, a
tengu reaver, a vault sentinel, a large abomination, an ironbrand convoker and a
battlesphere.

Vanquished Creatures
  the Lernaean hydra (Swamp:4)
  Vashnia (Snake:4)
  Nikola (Swamp:3)
  A golden dragon (Vaults:5)
  A tentacled monstrosity (Vaults:4)
  A lich (Vaults:5)
  5 titans (Vaults:5)
  A shadow dragon (Vaults:4)
  Gastronok (Lair:2)
  3 sphinxes
  A storm dragon (Vaults:5)
  5 tengu reavers
  A thorn hunter (Swamp:4)
  9 nagarajas (Snake:4)
  Donald (Snake:1)
  2 frost giants
  2 fire giants
  An orc warlord (Vaults:4)
  4 vault wardens
  An iron dragon (Vaults:5)
  The ghost of nubinia the Reanimator, a journeyman DsNe of Ashenzari (Swamp:4)
  4 deep elf sorcerers
  2 deep elf elementalists (Vaults:5)
  A cacodemon (Abyss:3)
  11 very ugly things
  2 war gargoyles
  9 ironheart preservers
  2 entropy weavers
  A deep elf demonologist (Vaults:3)
  12 stone giants
  A deep elf annihilator (Vaults:3)
  An ettin (shapeshifter) (Abyss:3)
  A crystal guardian (Vaults:3)
  6 ettins
  A minotaur (Lab)
  2 fire dragons (D:14)
  A deep elf death mage (Vaults:5)
  10 yaktaur captains
  2 deep elf high priests (Vaults:5)
  12 ogre magi
  5 rakshasas
  20 hydras
  16 naga warriors
  27 vault guards
  4 great orbs of eyes
  4 ice dragons
  5 centaur warriors
  4 death knights
  14 anacondas
  42 two-headed ogres
  6 alligators
  2 tengu warriors (D:14)
  2 deep troll earth magi
  2 thrashing horrors (Abyss:3)
  4 deep elf knights
  11 naga sharpshooters
  8 skeletal warriors
  6 shock serpents
  3 salamander mystics (Snake:4)
  A shadow wraith (Vaults:2)
  An iron troll (Orc:2)
  3 sixfirhies (Abyss:3)
  3 wretched stars (Abyss:3)
  A glowing orange brain (shapeshifter) (Vaults:4)
  7 deep trolls
  A fire crab (shapeshifter) (Vaults:1)
  2 glowing orange brains
  4 unseen horrors
  4 flayed ghosts
  2 shambling mangroves (Swamp:2)
  3 spriggan druids
  11 naga ritualists
  4 sea snakes (Snake:1)
  5 deep elf archers
  4 wizards
  11 swamp dragons
  2 phantasmal warriors
  2 necromancers
  3 wolf spiders
  16 mana vipers
  A wolf spider zombie (D:15)
  12 harpies
  13 ironbrand convokers
  An oklob plant (Lair:3)
  15 orc knights
  2 orc sorcerers
  5 manticores
  11 deep elf magi
  27 ugly things
  6 salamanders
  A moth of wrath (shapeshifter) (Vaults:3)
  A worldbinder (Abyss:3)
  11 elephants
  A salamander (shapeshifter) (Vaults:5)
  9 cyclopes
  2 ice statues (IceCv)
  37 black mambas
  14 vault sentinels
  11 guardian serpents
  A smoke demon (Abyss:3)
  12 naga magi
  34 spiny frogs
  2 molten gargoyles (Volcano)
  6 gargoyles
  An orange demon (Abyss:3)
  A yaktaur zombie (Vaults:1)
  A hellion (Abyss:3)
  10 komodo dragons
  4 rime drakes
  2 efreet
  8 freezing wraiths
  19 yaktaurs
  2 ancient zymes (Abyss:3)
  A troll (shapeshifter) (Vaults:4)
  A polar bear (Lair:2)
  17 trolls
  A meliai (shapeshifter) (Vaults:3)
  12 tyrant leeches
  30 blink frogs
  18 hornets
  A minotaur skeleton (Lab)
  A tengu simulacrum (Vaults:2)
  Prince Ribbit (D:7)
  4 bog bodies
  5 hippogriffs
  39 slime creatures
  2 centaur simulacra
  A flying skull (Abyss:3)
  4 redbacks (Vaults:4)
  3 vampires
  13 spriggans
  5 wraiths
  5 shadows
  2 ynoxinuls (Abyss:3)
  5 wyverns
  41 yaks
  2 basilisks
  A wyvern (shapeshifter) (Vaults:1)
  A yak (shapeshifter) (Vaults:1)
  2 fire bats (Volcano)
  5 golden eyes (Abyss:3)
  2 fire elementals (Volcano)
  A chaos spawn (Abyss:3)
  37 vampire mosquitoes
  5 hungry ghosts
  A yaktaur simulacrum (Vaults:1)
  2 neqoxecs (Abyss:3)
  53 nagas
  17 swamp worms
  A soldier ant (D:14)
  Edmund (D:4)
  8 wargs
  9 insubstantial wisps
  11 water moccasins
  5 acid dragons
  The ghost of rabbit the Magician, an amateur DEFE (D:4)
  An elf skeleton (Vaults:1)
  16 porcupines
  18 swamp drakes
  A meliai simulacrum (D:14)
  2 hornet zombies (D:15)
  A necrophage (D:8)
  3 sky beasts
  21 ice beasts
  4 black bears
  33 orc warriors
  2 eyes of draining (D:14)
  10 wolves
  An eye of draining (shapeshifter) (Vaults:3)
  A phantom (D:13)
  46 ogres
  2 boggarts (Vaults:1)
  8 centaurs
  An orc skeleton (Vaults:1)
  14 crocodiles
  3 small abominations (Abyss:3)
  An elf zombie (Ossuary)
  39 bullfrogs
  An earth elemental (Volcano)
  A wyvern skeleton (D:11)
  6 scorpions
  7 wights
  An elf simulacrum (Vaults:3)
  5 killer bees (D:11)
  5 howler monkeys
  7 electric eels
  8 crimson imps
  2 centaur zombies
  3 lava snakes (Volcano)
  3 quasits
  A bullfrog zombie (D:13)
  11 hounds
  3 human simulacra
  8 jellies
  3 bullfrog skeletons
  5 centaur skeletons
  12 orc priests
  Crazy Yiuf (D:2)
  An iron imp (Abyss:3)
  4 iguanas
  21 orc wizards
  4 hell rats (Lair:1)
  7 worker ants
  A big kobold zombie (Ossuary)
  4 hound skeletons
  A hound zombie (D:5)
  A mummy (Ossuary)
  3 worker ant zombies
  7 gnolls
  A howler monkey skeleton (D:5)
  A river rat (Lair:1)
  11 adders
  4 shadow imps
  12 white imps (Lair:6)
  An ufetubus (Abyss:3)
  2 oozes
  3 adder skeletons (D:4)
  2 worms
  3 dart slugs
  9 leopard geckos
  87 orcs
  12 bats
  2 bat zombies (D:2)
  7 giant cockroaches
  5 goblins
  3 hobgoblins
  11 jackals
  5 kobolds
  6 quokkas
  3 ball pythons
  5 frilled lizards
  A goblin zombie (Ossuary)
  13 hobgoblin zombies (Ossuary)
  4 jackal skeletons
  8 kobold zombies (Ossuary)
  10 orc zombies (Ossuary)
  2 quokka skeletons
  17 rats
  A rat zombie (Ossuary)
  2 briar patches (Swamp:4)
  A fungus (D:11)
  A lurking horror (Abyss:3)
  3 plants
1693 creatures vanquished.

Vanquished Creatures (collateral kills)
  A worker ant (D:4)
  A mummy (Ossuary)
  A howler monkey skeleton (D:4)
  A kobold zombie (Ossuary)
4 creatures vanquished.

Vanquished Creatures (others)
  Aizul (Snake:1)
  A very ugly thing (Vaults:5)
  A stone giant (Vaults:5)
  A naga warrior (Snake:4)
  3 naga sharpshooters
  A spriggan druid (Swamp:4)
  A yaktaur (Vaults:1)
  A spriggan (Swamp:4)
  A golden eye (Abyss:3)
  A naga (shapeshifter) (Vaults:3)
  A porcupine (D:11)
  A howler monkey (D:4)
  An adder (D:11)
  2 orcs
  A giant cockroach (D:4)
  16 fungi
  A lurking horror (Abyss:3)
  36 plants
71 creatures vanquished.

Grand Total: 1768 creatures vanquished

Notes
Turn   | Place    | Note
-------+----------+-------------------------------------------
     0 | D:1      | GordonOverkill the Vampire Artificer began the quest for the Orb.
     0 | D:1      | Reached XP level 1. HP: 14/14 MP: 2/2
    65 | D:1      | Reached skill level 1 in Fighting
   609 | D:1      | Reached XP level 2. HP: 20/21 MP: 4/4
   803 | D:1      | Reached skill level 1 in Unarmed Combat
  1089 | D:2      | Found an ornate altar of the Wu Jian Council.
  1130 | D:2      | Reached XP level 3. HP: 24/26 MP: 5/5
  1410 | D:2      | Found a runed door.
  1585 | D:2      | Reached skill level 2 in Unarmed Combat
  1587 | D:2      | Reached XP level 4. HP: 32/33 MP: 6/6
  1628 | D:2      | Found a shimmering altar of Xom.
  2007 | D:3      | Noticed qwerty1's ghost (amateur TrFi)
  2017 | D:3      | Noticed an ice beast
  2343 | D:3      | Killed an ice beast
  2343 | D:3      | Reached skill level 3 in Unarmed Combat
  2343 | D:3      | Reached XP level 5. HP: 32/41 MP: 7/7
  2467 | D:3      | Found an opulent altar of Gozag.
  2608 | D:4      | Noticed an ogre
  2626 | D:4      | Noticed an ogre
  2638 | D:4      | Killed an ogre
  2638 | D:4      | Reached skill level 4 in Unarmed Combat
  2638 | D:4      | Reached XP level 6. HP: 15/47 MP: 8/8
  3177 | D:3      | Found an ancient bone altar of Kikubaaqudgha.
  3475 | D:2      | Noticed Crazy Yiuf
  3480 | D:2      | Paralysed by Crazy Yiuf for 7 turns
  3495 | D:2      | HP: 3/72 [Crazy Yiuf/quarterstaff of chaos (7)]
  3500 | D:2      | HP: 3/72 [Crazy Yiuf/quarterstaff of chaos (2)]
  3501 | D:2      | Killed Crazy Yiuf
  3741 | D:4      | Found a deep blue altar of Sif Muna.
  3885 | D:4      | Reached skill level 5 in Unarmed Combat
  3889 | D:4      | Reached XP level 7. HP: 36/54 MP: 9/9
  3951 | D:4      | Noticed Edmund
  3989 | D:4      | Killed Edmund
  3989 | D:4      | Reached skill level 6 in Unarmed Combat
  4123 | D:4      | Noticed rabbit's ghost (amateur DEFE)
  4134 | D:4      | Killed rabbit's ghost
  4134 | D:4      | Reached skill level 7 in Unarmed Combat
  4972 | D:5      | Entered Level 5 of the Dungeon
  4982 | D:5      | Reached skill level 8 in Unarmed Combat
  5024 | D:5      | Found a sand-covered staircase.
  5060 | D:5      | Reached XP level 8. HP: 60/60 MP: 10/10
  5123 | Ossuary  | Entered an ossuary
  5288 | Ossuary  | Reached skill level 9 in Unarmed Combat
  6070 | D:5      | Reached skill level 10 in Unarmed Combat
  6535 | D:6      | Found a staircase to the Ecumenical Temple.
  6707 | Temple   | Entered the Ecumenical Temple
  6811 | Temple   | Became a worshipper of Warmaster Okawaru
  6856 | D:6      | Reached skill level 11 in Unarmed Combat
  6877 | D:6      | Reached skill level 1 in Invocations
  7180 | D:6      | Found a bloodstained altar of Trog.
  7197 | D:6      | Reached XP level 9. HP: 52/65 MP: 11/11
  7717 | D:7      | Reached * piety under Okawaru
  7793 | D:7      | Found an iron altar of Okawaru.
  7796 | D:7      | Noticed rabbit's ghost (novice GrFi)
  8474 | D:7      | Reached skill level 12 in Unarmed Combat
  8497 | D:7      | Noticed Prince Ribbit
  8507 | D:7      | Killed Prince Ribbit
  8561 | D:7      | Found a shattered altar of Ashenzari.
  8704 | D:8      | Reached skill level 5 in Invocations
  8769 | D:8      | Reached ** piety under Okawaru
  8796 | D:8      | Reached XP level 10. HP: 67/71 MP: 13/13
  8809 | D:8      | Reached skill level 13 in Unarmed Combat
  9530 | D:9      | Found a staircase to the Orcish Mines.
  9543 | D:9      | Found a sparkling altar of Nemelex Xobeh.
  9544 | D:9      | Found a blossoming altar of Fedhas.
  9545 | D:9      | Found an ancient bone altar of Kikubaaqudgha.
  9545 | D:9      | Found a radiant altar of Vehumet.
  9573 | D:9      | Noticed a cyclops
  9593 | D:9      | Reached skill level 5 in Fighting
  9593 | D:9      | Reached skill level 14 in Unarmed Combat
  9598 | D:9      | Killed a cyclops
  9607 | D:9      | Reached *** piety under Okawaru
  9857 | D:9      | Noticed a two-headed ogre
  9872 | D:9      | Killed a two-headed ogre
  9872 | D:9      | Reached **** piety under Okawaru
 10076 | D:9      | Noticed a two-headed ogre
 10282 | D:9      | Reached XP level 11. HP: 83/83 MP: 14/14
 10382 | D:9      | Noticed a two-headed ogre
 10391 | D:9      | Killed a two-headed ogre
 10543 | D:10     | Entered Level 10 of the Dungeon
 10661 | D:10     | Noticed a two-headed ogre
 10676 | D:10     | Killed a two-headed ogre
 10676 | D:10     | Reached skill level 15 in Unarmed Combat
 11158 | D:10     | Reached ***** piety under Okawaru
 11742 | D:11     | Received a gift from Okawaru
 12086 | D:11     | Found a staircase to the Lair.
 12142 | D:11     | Noticed a white ugly thing
 12151 | D:11     | Killed a white ugly thing
 12226 | D:11     | Reached skill level 10 in Fighting
 12496 | Lair:1   | Entered Level 1 of the Lair of Beasts
 12515 | Lair:1   | Reached skill level 1 in Armour
 12638 | Lair:1   | Received a gift from Okawaru
 12732 | Lair:1   | Reached XP level 12. HP: 65/97 MP: 15/15
 13166 | Lair:1   | Got a smoking scale mail
 13177 | Lair:1   | Identified the cursed +0 scale mail of Wereq {Dex+2} (You found it on level 1 of the Lair of Beasts)
 13244 | Lair:1   | Noticed a five-headed hydra
 13254 | Lair:1   | Killed a five-headed hydra
 13871 | Lair:2   | Reached skill level 16 in Unarmed Combat
 14061 | Lair:2   | Found a staircase to the Swamp.
 14204 | Lair:2   | Noticed Gastronok
 14207 | Lair:2   | Reached skill level 5 in Armour
 14228 | Lair:2   | Killed Gastronok
 14228 | Lair:2   | Received a gift from Okawaru
 14557 | Lair:2   | Noticed a five-headed hydra
 14570 | Lair:2   | Killed a five-headed hydra
 14572 | Lair:2   | Reached skill level 17 in Unarmed Combat
 14754 | Lair:2   | Noticed a six-headed hydra
 14760 | Lair:2   | Killed a six-headed hydra
 14895 | Lair:2   | Got a pair of ichor-stained boots
 14906 | Lair:2   | Identified the cursed +0 pair of boots of the Fisher {+Blink rC++ Slay+5} (You found it on level 2 of the Lair of Beasts)
 15204 | Lair:3   | Found a staircase to the Snake Pit.
 15238 | Lair:3   | Received a gift from Okawaru
 15265 | Lair:3   | Reached XP level 13. HP: 86/103 MP: 16/16
 15435 | Lair:3   | Received a gift from Okawaru
 15439 | Lair:3   | Reached skill level 18 in Unarmed Combat
 15636 | Lair:3   | Found a white marble altar of Elyvilon.
 16519 | Lair:4   | Received a gift from Okawaru
 17035 | Lair:5   | Reached skill level 19 in Unarmed Combat
 17142 | Lair:5   | Found a staircase to the Slime Pits.
 17887 | Lair:6   | Entered Level 6 of the Lair of Beasts
 17889 | Lair:6   | Found a frozen archway.
 18042 | IceCv    | Entered an ice cave
 18232 | IceCv    | Reached skill level 20 in Unarmed Combat
 18549 | IceCv    | Reached XP level 14. HP: 71/110 MP: 15/17
 18600 | IceCv    | Got an ancient pewter ring
 18612 | IceCv    | Identified the ring "Zalod" {+Fly rPois Str+7 Dex-3 Stlth-} (You found it in an ice cave)
 18915 | Lair:6   | Reached skill level 5 in Dodging
 19644 | Lair:6   | Received a gift from Okawaru
 21399 | D:13     | Reached skill level 21 in Unarmed Combat
 21410 | D:13     | Found a gate to the Vaults.
 22150 | D:14     | Reached XP level 15. HP: 109/115 MP: 15/18
 22273 | D:14     | Noticed a tengu reaver
 22284 | D:14     | Killed a tengu reaver
 22284 | D:14     | Reached skill level 10 in Dodging
 22513 | D:14     | Noticed a tengu reaver
 22529 | D:14     | Killed a tengu reaver
 22538 | D:14     | Received a gift from Okawaru
 22772 | D:14     | Noticed a sphinx
 22797 | D:14     | Killed a sphinx
 23090 | D:14     | Found a blossoming altar of Fedhas.
 23516 | D:15     | Entered Level 15 of the Dungeon
 23516 | D:15     | Found a labyrinth entrance.
 23601 | Lab      | Entered a labyrinth
 26515 | Lab      | Got a clouded tin ring
 26552 | D:15     | Identified the ring "Quad" {rN++ EV+3 Slay-3} (You found it in a labyrinth)
 26774 | D:15     | Reached skill level 22 in Unarmed Combat
 26883 | D:15     | Paralysed by an ogre mage for 7 turns
 27314 | D:15     | Found a staircase to the Depths.
 27591 | Orc:1    | Entered Level 1 of the Orcish Mines
 27694 | Orc:1    | Found a roughly hewn altar of Beogh.
 27733 | Orc:1    | Found a dark tunnel.
 27738 | Volcano  | Entered a volcano
 27930 | Volcano  | Found a burning altar of Makhleb.
 28353 | Orc:2    | Entered Level 2 of the Orcish Mines
 28397 | Orc:2    | Reached skill level 1 in Shields
 28554 | Orc:2    | Found a staircase to the Elven Halls.
 28829 | Orc:2    | Reached XP level 16. HP: 122/122 MP: 20/22
 28839 | Orc:2    | Found Vulyiphocoekk's Weapon Shop.
 28840 | Orc:2    | Found Judy's Weapon Shop.
 28894 | Orc:2    | Received a gift from Okawaru
 28928 | Orc:2    | Reached skill level 5 in Shields
 29071 | Orc:2    | Found Zochesoe's Antique Armour Shoppe.
 29082 | Orc:2    | Found Isiz's Distillery.
 29085 | Orc:2    | Bought a runed helmet for 225 gold pieces
 29085 | Orc:2    | Bought a glowing shield for 225 gold pieces
 29111 | Orc:2    | Bought 2 potions of curing for 72 gold pieces
 29111 | Orc:2    | Bought a potion of agility for 48 gold pieces
 29111 | Orc:2    | Bought a potion of curing for 36 gold pieces
 29111 | Orc:2    | Bought a potion of curing for 36 gold pieces
 29111 | Orc:2    | Bought 2 potions of heal wounds for 120 gold pieces
 29111 | Orc:2    | Bought a potion of cancellation for 96 gold pieces
 29111 | Orc:2    | Bought a potion of might for 48 gold pieces
 29111 | Orc:2    | Bought a potion of agility for 48 gold pieces
 29111 | Orc:2    | Bought a potion of berserk rage for 60 gold pieces
 29111 | Orc:2    | Bought a potion of haste for 120 gold pieces
 29469 | Swamp:1  | Entered Level 1 of the Swamp
 30055 | Swamp:1  | Received a gift from Okawaru
 30060 | Swamp:1  | Got a blackened buckler {god gift}
 30071 | Swamp:1  | Identified the +0 buckler of Zaruacw {rPois Str+2} (Okawaru gifted it to you on level 1 of the Swamp)
 30661 | Swamp:2  | Paralysed by a hornet for 1 turns
 31189 | Swamp:3  | Reached skill level 10 in Shields
 31321 | Swamp:3  | Noticed Nikola
 31340 | Swamp:3  | Killed Nikola
 31506 | Swamp:3  | Identified a scroll of acquirement
 31933 | Swamp:4  | Entered Level 4 of the Swamp
 31946 | Swamp:4  | Noticed nubinia's ghost (journeyman DsNe)
 31960 | Swamp:4  | Killed nubinia's ghost
 32053 | Swamp:4  | Noticed the 27-headed Lernaean hydra
 32058 | Swamp:4  | Reached XP level 17. HP: 119/131 MP: 23/23
 32071 | Swamp:4  | Killed the 27-headed Lernaean hydra
 32081 | Swamp:4  | Received a gift from Okawaru
 32214 | Swamp:4  | Got a decaying rune of Zot
 33304 | Snake:1  | Entered Level 1 of the Snake Pit
 33656 | Snake:1  | Got a distressingly furry plate armour
 33657 | Snake:1  | Identified the +10 plate armour of Plasticity {Str+2} (You found it on level 1 of the Snake Pit)
 34368 | Snake:1  | Noticed Aizul
 34369 | Snake:1  | Noticed Donald
 34376 | Snake:1  | Killed Aizul
 34384 | Snake:1  | Killed Donald
 34387 | Snake:1  | Got a pitted shield {Donald}
 34393 | Snake:1  | Identified the +4 shield "Tueciwu" {MR+ Int+3} (You took it off Donald on level 1 of the Snake Pit)
 35747 | Snake:3  | Reached skill level 15 in Fighting
 35773 | Snake:3  | Reached XP level 18. HP: 111/149 MP: 22/24
 36233 | Snake:3  | Received a gift from Okawaru
 36405 | Snake:4  | Entered Level 4 of the Snake Pit
 37475 | Snake:4  | Received a gift from Okawaru
 37484 | Snake:4  | Reached ****** piety under Okawaru
 37491 | Snake:4  | Noticed Vashnia
 37724 | Snake:4  | Killed Vashnia
 38054 | Snake:4  | Got a serpentine rune of Zot
 38708 | Vaults:1 | Entered Level 1 of the Vaults
 38747 | Vaults:1 | Reached XP level 19. HP: 163/163 MP: 25/25
 38808 | Vaults:1 | Received a gift from Okawaru
 39326 | Vaults:1 | Reached skill level 10 in Invocations
 40259 | Vaults:2 | Found Wagyci's Distillery.
 40266 | Vaults:2 | Bought a potion of heal wounds for 75 gold pieces
 40266 | Vaults:2 | Bought a potion of berserk rage for 75 gold pieces
 40266 | Vaults:2 | Bought 2 potions of haste for 300 gold pieces
 40266 | Vaults:2 | Bought a potion of curing for 45 gold pieces
 40266 | Vaults:2 | Bought a potion of agility for 60 gold pieces
 40266 | Vaults:2 | Bought a potion of berserk rage for 75 gold pieces
 40266 | Vaults:2 | Bought a potion of heal wounds for 75 gold pieces
 40777 | Vaults:2 | Received a gift from Okawaru
 40780 | Vaults:2 | Got a faintly humming helmet {god gift}
 40781 | Vaults:2 | Identified the +2 helmet "Cetovij" {rC+ Stlth+} (Okawaru gifted it to you on level 2 of the Vaults)
 41457 | Vaults:2 | Reached skill level 10 in Armour
 41862 | Vaults:3 | Reached XP level 20. HP: 111/170 MP: 25/27
 42110 | Vaults:3 | Found a staircase to the Crypt.
 42110 | Vaults:3 | Found a basalt altar of Yredelemnul.
 42111 | Vaults:3 | Found an ancient bone altar of Kikubaaqudgha.
 42422 | Vaults:3 | Received a gift from Okawaru
 43740 | Vaults:4 | Received a gift from Okawaru
 44495 | Vaults:5 | Entered Level 5 of the Vaults
 44588 | Vaults:5 | Reached XP level 21. HP: 141/177 MP: 21/28
 44740 | Vaults:4 | Reached skill level 15 in Armour
 44838 | Vaults:5 | Received a gift from Okawaru
 45157 | Vaults:5 | Cast into level 3 of the Abyss (a deep elf sorcerer)
 45353 | Abyss:3  | Gained mutation: You expend magic power (3 MP) to strengthen your wands. [a neqoxec]
 45561 | Vaults:5 | Escaped the Abyss
 45851 | Vaults:5 | Received a gift from Okawaru
 45891 | Vaults:5 | Noticed a golden dragon
 45903 | Vaults:5 | Killed a golden dragon
 46098 | Vaults:5 | HP: 4/183 [vault warden/dire flail of pain (20)]
 46098 | Vaults:5 | Slain by a vault warden

Skill      XL: |  1  2  3  4  5  6  7  8  9 10 11 12 13 14 15 16 17 18 19 20 21 |
---------------+----------------------------------------------------------------+-----
Fighting       | 1 2 3 4 6 10 11 15 18 20 | 20.0
Unarmed Combat | 1 2 3 4 5 8 11 12 14 15 17 20 21 22 | 22.0
Evocations     | 3 |  3.0
Dodging        | 3 4 9 12 | 12.0
Invocations    | 1 5 8 10 | 10.0
Armour         | 2 5 10 14 15 | 15.0
Shields        | 2 10 | 10.0
Short Blades   | |  1.1
Stealth        | |  1.5

Action                   |  1- 3 |  4- 6 |  7- 9 | 10-12 | 13-15 | 16-18 | 19-21 || total
-------------------------+-------+-------+-------+-------+-------+-------+-------++-------
Melee: Unarmed           |   213 |   261 |   507 |   810 |  1149 |  1550 |  1527 ||  6017
       Bite              |    23 |    30 |    54 |    74 |   139 |   203 |   281 ||   804
       Punch             |     1 |     5 |    17 |    57 |   103 |       |       ||   183
Throw: Javelin           |     9 |     1 |       |       |       |       |       ||    10
Invok: Heroism           |       |       |     5 |    32 |    75 |    57 |    52 ||   221
       Finesse           |       |       |       |     2 |     2 |     3 |     7 ||    14
 Abil: Evoke Blink       |       |       |       |     1 |       |       |       ||     1
       Evoke Berserk Rag |       |       |       |       |     1 |       |       ||     1
Evoke: Wand              |    12 |    26 |    15 |    21 |       |       |       ||    74
  Use: Potion            |    12 |    19 |    25 |    35 |    72 |    52 |    46 ||   261
       Scroll            |       |     4 |     9 |    11 |    21 |     8 |     3 ||    56
 Stab: Paralysed         |       |    13 |    35 |    21 |       |       |     1 ||    70
       Distracted        |       |     1 |       |     2 |     1 |       |       ||     4
       Sleeping          |       |       |     2 |     3 |       |       |       ||     5
Armor: Leather armour    |    62 |       |       |       |       |       |       ||    62
       Ring mail         |    67 |   108 |    15 |       |   139 |       |       ||   329
       Skin              |       |    19 |       |       |       |       |       ||    19
       Scale mail        |       |       |   103 |       |       |       |       ||   103
       Troll leather arm |       |       |    56 |   173 |       |       |       ||   229
       Chain mail        |       |       |       |    68 |    60 |       |       ||   128
       Crystal plate arm |       |       |       |       |   382 |   302 |       ||   684
       Plate armour      |       |       |       |       |       |   135 |   425 ||   560
Dodge: Dodged            |   209 |   143 |   241 |   429 |   455 |   424 |   369 ||  2270
Block: Large shield      |       |       |       |       |    23 |   696 |   214 ||   933
       Shield            |       |       |       |       |       |   349 |   634 ||   983
       Reflection        |       |       |       |       |       |    74 |    18 ||    92
